 Dungeon Crawl Stone Soup version 0.31-a0-870-g10ed682358 (webtiles) character file.

Game seed: 13211489283766317270

102 BinkBink the Chopper (level 4, -8/39 HPs)
             Began as a Minotaur Monk on Oct 12, 2023.
             Mangled by Terence
             ... wielding a +6 mace of venom
              (11 damage)
             ... on level 2 of the Dungeon.
             The game lasted 00:01:35 (1757 turns).

BinkBink the Chopper (Minotaur Monk)                Turns: 1757, Time: 00:01:36

Health: -8/39      AC:  2    Str: 17    XL:     4   Next: 50%
Magic:  5/5        EV: 13    Int:  7    God:
Gold:   78         SH:  0    Dex: 13    Spells: 5/5 levels left

rFire   . . .        a - +0 hand axe
rCold   . . .        d - orb {light}
rNeg    . . .        b - +0 robe
rPois   .            (helmet restricted)
rElec   .            (no cloak)
rCorr   .            (no gloves)
SInv    .            (no boots)
Will    .....        (no amulet)
Stlth   +            (no ring)
HPRegen 0.26/turn    (no ring)
MPRegen 0.09/turn

%: no passive effects
@: lethally poisoned (-8 -> -31), glowing
A: horns 2, retaliatory headbutt
a: no special abilities


You were on level 2 of the Dungeon.
You visited 1 branch of the dungeon, and saw 2 of its levels.

You collected 78 gold pieces.

Inventory:

Hand Weapons
 a - a +0 hand axe (weapon)
Armour
 b - a +0 robe (worn)
 d - an orb of light (worn)
 k - a +0 plate armour
Jewellery
 o - a ring of protection from fire
Scrolls
 f - a scroll of revelation {unknown}
 h - a scroll of amnesia {unknown}
 i - a scroll of immolation {unknown}
 m - a scroll of identify {unknown}
Potions
 c - a potion of ambrosia
 e - a potion of attraction {unknown}
 g - a potion of heal wounds {unknown}
 j - a potion of berserk rage {unknown}
 l - 2 potions of curing {unknown}
 n - a potion of degeneration {unknown}


   Skills:
 - Level 3.6 Fighting
 * Level 5.6 Axes
 - Level 3.2 Dodging
 + Level 1.4 Spellcasting


You had 5 spell levels left.
You didn't know any spells.
Your spell library contained the following spells:

 Spells                   Type           Power      Damage    Failure   Level
 Slow                     Hex            0%         N/A       38%         1
 Confusing Touch          Hex            0%         N/A       77%         3
 Sigil of Binding         Hex            0%         N/A       77%         3
 Vampiric Draining        Necr           0%         2d6       77%         3
 Brom's Barrelling Bould  Conj/Erth      0%         2d3       99%         4
 Fireball                 Conj/Fire      0%         3d3       100%        5
 Iskenderun's Battlesphe  Conj           0%         2d6       100%        5
 Conjure Ball Lightning   Conj/Air       0%         3x3d6     100%        6
 Orb of Destruction       Conj           0%         9d5       100%        7


Dungeon Overview and Level Annotations

Branches:
Dungeon (2/15)

Altars:

Annotations:
D:2 Terence


Innate Abilities, Weirdness & Mutations

You have a pair of horns on your head.
You reflexively headbutt those who attack you in melee.


Message History

You are too injured to fight recklessly!
You are too injured to fight recklessly!
You barely miss Jessica. You headbutt Jessica.
You kill Jessica!
You start resting.
Terence the Incautious comes into view.
He is wielding a +6 mace of venom.
Terence shouts!
There is an open door here.
Terence bares his teeth.
There is a stone staircase leading up here.
You climb upwards.
There is a stone staircase leading down here.
HP restored.
Done exploring.
You climb downwards.
Level annotation: Terence Terence hits you with a +6 mace of venom!
You are poisoned.
There is a stone staircase leading up here.
You hit Terence.
Terence is moderately wounded.
You feel sick. Terence misses you.
You barely miss Terence.
Terence is moderately wounded.
You feel sick. Terence closely misses you. You furiously retaliate!
You headbutt Terence! You hit Terence but do no damage.
Terence is severely wounded.
You feel sick.
Terence hits you with a +6 mace of venom!
You are lethally poisoned!
Terence hits you with a +6 mace of venom.
* * * LOW HITPOINT WARNING * * *
You are more poisoned.
You hit Terence.
Terence is almost dead.
* * * LOW HITPOINT WARNING * * *
You feel extremely sick.
Terence hits you with a +6 mace of venom!
You die...

#...........##.#..#.#.##..#...
#......#######.#..###.##..#...
#...........##.#..# #.....#...
...............##.#.######...##..
####.........†....# ###.......'..
#.....######...####...#...##..
#.##### #..............##.. #.
#............#..... #
#.@.........#######
#..@...............
#.........#.####### #.....†...#.#
#... ######...##.# #.##
#...##.####.## #...##.>..#.##
#.#######.#... #.#######.#...


You could see Terence.

Vanquished Creatures
  Jessica (D:2)
  3 adders (D:2)
  3 dart slugs
  2 ball pythons
  3 endoplasms (D:2)
  4 goblins
  5 hobgoblins
  6 jackals (D:1)
  3 kobolds (D:1)
  2 quokkas (D:1)
  3 bats
  A frilled lizard (D:1)
  3 rats
39 creatures vanquished.

Notes
Turn   | Place    | Note
-------+----------+-------------------------------------------
     0 | D:1      | BinkBink the Minotaur Monk began the quest for the Orb.
     0 | D:1      | Reached XP level 1. HP: 19/19 MP: 0/0
    70 | D:1      | Reached skill level 4 in Axes
   101 | D:1      | Reached XP level 2. HP: 19/26 MP: 1/1
   799 | D:1      | Reached XP level 3. HP: 26/31 MP: 3/3
  1018 | D:2      | Reached skill level 1 in Spellcasting
  1276 | D:2      | Reached skill level 5 in Axes
  1630 | D:2      | Reached XP level 4. HP: 38/39 MP: 4/4
  1651 | D:2      | Noticed Jessica
  1658 | D:2      | Killed Jessica
  1664 | D:2      | Noticed Terence
  1757 | D:2      | Mangled by Terence

Illustrated notes

Levels and vault maps discovered:
D:1:      nagdon_arrival_zigzag_paths, layout_loops_ring,
          hangedman_abyss_or_decor_lesser_grid
D:2:      layout_basic, serial_aquarium, aquarium_bridge_square
          [aquarium_subvault_wall, aquarium_subvault_bridge,
          aquarium_subvault_window, aquarium_subvault_bridge],
          aquarium_bridge_straight [aquarium_subvault_bridge,
          aquarium_subvault_window, aquarium_subvault_bridge,
          aquarium_subvault_wall], aquarium_window_fake, aquarium_window_1,
          aquarium_window_fake, aquarium_window_2, aquarium_view_2a,
          uniq_jessica, uniq_terence

Skill      XL: |  1  2  3 |
---------------+----------+-----
Axes           | 4 5 |  5.6
Spellcasting   | 1 |  1.4
Fighting       | |  3.6
Dodging        | |  3.2

Action                     |  1- 3 |  4- 6 || total
---------------------------+-------+-------++-------
  Melee: Hand axe          |    74 |     9 ||    83
         Headbutt          |    16 |     1 ||    17
 Armour: Robe              |    36 |     6 ||    42
  Dodge: Dodged            |    43 |     3 ||    46

Table legend: (Time is in decaauts)
 A = Elapsed time spent in this place.
 B = Non-inter-level travel time spent in this place.
 C = Inter-level travel time spent in this place.
 D = Time resting spent in this place.
 E = Time spent auto-exploring this place.
 F = Levels seen in this place.
 G = Mean time per level.
                   A        B        C        D        E       F      G
               +--------+--------+--------+--------+--------+-----+--------+
         Total |   1763 |   1702 |     61 |      6 |   1453 |   2 |  881.5 |
       Dungeon |   1763 |   1702 |     61 |      6 |   1453 |   2 |  881.5 |
               +--------+--------+--------+--------+--------+-----+--------+

Top non-repeatable levels by time:
     D:1: 1016 daAuts
     D:2: 747 daAuts
